 Dungeon Crawl Stone Soup version 0.26-a0-665-gefeb406119 (webtiles) character file.

Game seed: 18255567512578953051

35 mandarbmax the Vexing (level 3, -1/26 HPs)
             Began as a Formicid Arcane Marksman on Oct 15, 2020.
             Slain by an adder (3 damage)
             ... on level 2 of the Dungeon.
             The game lasted 00:04:06 (2026 turns).

mandarbmax the Vexing (Formicid Arcane Marksman)    Turns: 2026, Time: 00:04:07

Health: -1/26      AC:  6    Str: 14    XL:     3   Next: 52%
Magic:  4/4        EV: 10    Int: 13    God:
Gold:   67         SH:  4    Dex: 15    Spells: 1/4 levels left

rFire    . . .     SeeInvis +   b - -2 spear (curse)
rCold    + . .     Faith    .   j - +0 buckler
rNeg     . . .     Spirit   .   c - +0 scale mail
rPois    .         Reflect  .   (helmet unavailable)
rElec    .         Harm     .   (no cloak)
rCorr    .         Rampage  .   (no gloves)
MR       .....                  (no boots)
Stlth    ..........             (no amulet)
HPRegen  0.08/turn              f - ring of protection from cold
MPRegen  0.09/turn              i - ring of attention (curse)

@: lethally poisoned (-1 -> -6), lightly drained
A: permanent stasis, dig shafts and tunnels, four strong arms, antennae 3,
talons 1, thin skeletal structure 1, agile 1
a: Dig, Shaft Self


You were on level 2 of the Dungeon.
You visited 1 branch of the dungeon, and saw 2 of its levels.

You collected 67 gold pieces.

Inventory:

Hand Weapons
 a - a +0 hand crossbow
 b - a cursed -2 spear (weapon)
 h - a +2 dagger of draining
Missiles
 d - 43 bolts
Armour
 c - a +0 scale mail (worn)
 e - a +0 robe
 j - a +0 buckler (worn)
Jewellery
 f - a ring of protection from cold (left hand)
 i - a cursed ring of attention (right hand)


   Skills:
 + Level 1.1(1.0) Fighting
 - Level 2.0(1.9) Crossbows
 - Level 0.7 Armour
 - Level 2.0(1.9) Dodging
 - Level 2.4(2.3) Shields
 - Level 1.1(1.0) Spellcasting
 - Level 4.1 Hexes


You had one spell level left.
You knew the following spells:

 Your Spells              Type           Power        Failure   Level
a - Corona                Hex            ##.....      22%         1
b - Slow                  Hex            ##......     34%         2

Your spell library contained the following spells:

 Spells                   Type           Power        Failure   Level
 Inner Flame              Hex/Fire       #.......     85%         3
 Portal Projectile        Hex/Tloc       #.....       85%         3
 Cause Fear               Hex            ##........   92%         4
 Leda's Liquefaction      Hex/Erth       #.........   99%         4


Dungeon Overview and Level Annotations

Branches:
Dungeon (2/15)

Altars:


Innate Abilities, Weirdness & Mutations

You cannot be hasted, slowed, berserked, paralysed or teleported.
You can dig through walls and to a lower floor.
Your four strong arms can wield two-handed weapons with a shield.
You have a pair of large antennae on your head. (SInv)
You have sharp toenails.
You have a somewhat thin skeletal structure. (Dex +2, Stealth)
You are agile. (Dex +2)


Message History

You feel sick. The adder bites you but does no damage.
The adder barely misses you.
Your scale mail prevents you from hitting the adder.
Your kick misses the adder.
The adder is almost dead.
The adder barely misses you.
You closely miss the adder.
The adder is almost dead.
* * * LOW HITPOINT WARNING * * *
You feel sick. The adder barely misses you.
The adder bites you but does no damage.
You barely miss the adder. Your kick misses the adder.
The adder is almost dead.
The adder bites you.
* * * LOW HITPOINT WARNING * * *
You miss the adder. Your kick misses the adder.
The adder is almost dead.
* * * LOW HITPOINT WARNING * * *
You feel sick. The adder bites you.
You die...

.....##'###.....#
#.#
.###..<.........#
#.#
.#[#............#
#.#
.#'#............#
#.#
................#
#.#
...<.....[......#
#.#
......###########
#.# .######
#####.# .#
#.@...# .#
#S##### .# #. .#
#. #. #. ##


You could see an adder.

Vanquished Creatures
  An adder (D:2)
  A worm (D:2)
  2 leopard geckos (D:1)
  A giant cockroach (D:1)
  3 goblins
  A hobgoblin (D:1)
  3 jackals
  A kobold (D:1)
  A quokka (D:2)
  3 bats (D:1)
  2 rats
19 creatures vanquished.

Vanquished Creatures (others)
  4 toadstools (D:1)
4 creatures vanquished.

Grand Total: 23 creatures vanquished

Notes
Turn   | Place    | Note
-------+----------+-------------------------------------------
     0 | D:1      | mandarbmax the Formicid Arcane Marksman began the quest for
                  | the Orb.
     0 | D:1      | Reached XP level 1. HP: 15/15 MP: 2/2
   403 | D:1      | Reached XP level 2. HP: 19/21 MP: 3/3
   457 | D:1      | Reached skill level 1 in Shields
   457 | D:1      | Reached skill level 4 in Hexes
   604 | D:1      | Learned a level 2 spell: Slow
  1664 | D:2      | Gained mutation: You are agile. (Dex +2) [potion of
                  | mutation]
  1664 | D:2      | Gained mutation: You have sharp toenails. [potion of
                  | mutation]
  1664 | D:2      | Gained mutation: You have a somewhat thin skeletal
                  | structure. (Dex +2, Stealth) [potion of mutation]
  1675 | D:2      | Reached XP level 3. HP: 13/26 MP: 4/4
  2026 | D:2      | Slain by an adder

Illustrated notes

Levels and vault maps discovered:
D:1:      ldierk_water_garden, layout_loops_ring
D:2:      layout_basic

Skill      XL: |  1  2 |
---------------+-------+-----
Dodging        | 2 |  2.0
Shields        | 2 |  2.4
Hexes          | 4 |  4.1
Fighting       | |  1.1
Crossbows      | |  2.0
Armour         | |  0.7
Spellcasting   | |  1.1

Action                   || total
-------------------------++-------
Melee: Unarmed           ||    24
       Spear             ||   150
       Kick              ||    16
 Fire: Hand crossbow     ||     4
Throw: Dart              ||     3
 Cast: Corona            ||     1
  Use: Scroll            ||     2
       Potion            ||     2
Armor: Scale mail        ||    81
Dodge: Dodged            ||    80
Block: Buckler           ||    22

Table legend: (Time is in decaauts)
 A = Elapsed time spent in this place.
 B = Non-inter-level travel time spent in this place.
 C = Inter-level travel time spent in this place.
 D = Time resting spent in this place.
 E = Time spent auto-exploring this place.
 F = Levels seen in this place.
 G = Mean time per level.
                   A        B        C        D        E       F      G
               +--------+--------+--------+--------+--------+-----+--------+
         Total |   2052 |   1913 |    139 |   1030 |    534 |   2 | 1026.0 |
       Dungeon |   2052 |   1913 |    139 |   1030 |    534 |   2 | 1026.0 |
               +--------+--------+--------+--------+--------+-----+--------+

Top non-repeatable levels by time:
     D:1: 1281 daAuts
     D:2: 771 daAuts
